 Dungeon Crawl Stone Soup version 0.24.0-13-gcf9b319 (webtiles) character file.

Game seed: 9304954088648847497, levelgen mode: deterministic

51945 ricardofg the Arsonist (level 14, -14/84 HPs)
             Began as a Gargoyle Wizard on Nov 27, 2019.
             Was a High Priest of Vehumet.
             Hit by a large rock thrown by a cyclops (26 damage)
             ... on level 2 of the Orcish Mines on Nov 28, 2019.
             The game lasted 01:57:37 (31694 turns).

ricardofg the Arsonist (Gargoyle Wizard)           Turns: 31694, Time: 01:57:38

Health: -14/84     AC: 19    Str: 11    XL:     14   Next: 61%
Magic:  10/35      EV: 14    Int: 24    God:    Vehumet [*****.]
Gold:   1591       SH:  0    Dex:  8    Spells: 9/30 levels left

rFire    . . .     SeeInvis +   I - +2 demon trident (elec)
rCold    + . .     Gourm    +   (no shield)
rNeg     + . .     Faith    .   G - +1 leather armour {rC+}
rPois    ∞         Spirit   .   b - +0 hat
rElec    +         Reflect  .   E - +0 cloak
rCorr    .         Harm     .   P - +0 pair of gloves
MR       +....                  j - +1 pair of boots
Stlth    +.........             S - amulet of the gourmand
HPRegen  0.24/turn              F - ring of see invisible
MPRegen  0.24/turn              z - ring of magical power

@: flying, lightly drained
A: big wings, negative energy resistance 1, electricity resistance, unbreathing,
petrification resistance, rot immunity, AC +10
a: Stop Flying, Renounce Religion


You were on level 2 of the Orcish Mines.
You worshipped Vehumet.
Vehumet was extremely pleased with you.
You were completely stuffed.

You visited 4 branches of the dungeon, and saw 18 of its levels.
You also visited: Bailey.

You collected 1591 gold pieces.

Inventory:

Hand Weapons
 y - a +2 whip of flaming
 I - a +2 demon trident of electrocution (weapon)
 O - a +4 halberd of electrocution
Missiles
 m - 3 silver javelins
 q - 46 poisoned darts (quivered)
 r - 12 curare-tipped darts
Armour
 b - a +0 hat (worn)
 j - a +1 pair of boots (worn)
 D - the +3 robe of Fortification {-Tele rPois Regen+ Slay+5}
   (You found it on level 6 of the Lair of Beasts)

   It affects your accuracy and damage with ranged weapons and melee attacks
   (+5).
   It protects you from poison.
   It prevents most forms of teleportation.
   It increases your rate of regeneration.
 E - a +0 cloak (worn)
 G - a +1 leather armour of cold resistance (worn)
 P - a +0 pair of gloves (worn)
 Q - a +0 shield
 T - a +2 robe of magic resistance
Jewellery
 h - an uncursed ring of protection from cold
 k - an uncursed ring of flight
 n - an uncursed amulet of the acrobat
 z - a ring of magical power (right hand)
 F - a ring of see invisible (left hand)
 H - an uncursed ring of protection from fire
 J - an uncursed ring of protection from fire
 R - an uncursed ring of resist corrosion
 S - an amulet of the gourmand (around neck)
Wands
 o - a wand of paralysis (5)
 s - a wand of acid (3)
 v - a wand of iceblast (4)
 x - a wand of scattershot (1)
 B - a wand of random effects (17)
 C - a wand of flame (36)
 M - a wand of clouds (7)
Scrolls
 c - 6 scrolls of teleportation
 e - a scroll of identify
 f - 9 scrolls of remove curse
 L - a scroll of acquirement {unknown}
Potions
 a - 6 potions of curing
 g - 3 potions of mutation
 i - 2 potions of brilliance
 l - 3 potions of haste
 p - 2 potions of invisibility
 u - 6 potions of magic {unknown}
 w - 2 potions of heal wounds
 A - a potion of berserk rage
 K - 2 potions of might
Comestibles
 d - 27 rations


   Skills:
 + Level 8.7(8.5) Fighting
 + Level 6.1(5.9) Maces & Flails
 - Level 5.1(4.9) Armour
 + Level 7.1(6.8) Dodging
 - Level 2.1(1.9) Stealth
 - Level 4.0(3.7) Shields
 + Level 8.9(8.6) Spellcasting
 - Level 7.0(6.8) Conjurations
   Level 0.8(0.6) Summonings
 - Level 1.0(0.8) Translocations
 * Level 10.3(10.0) Fire Magic
 + Level 9.1(8.8) Air Magic
 + Level 7.2(6.9) Earth Magic
 + Level 7.3(7.0) Evocations


You had 9 spell levels left.
You knew the following spells:

 Your Spells              Type           Power        Failure   Level  Hunger
a - Magic Dart            Conj           ####         1%          1    None
b - Conjure Flame         Conj/Fire      ######..     1%          3    None
c - Mephitic Cloud        Conj/Pois/Air  #####...     1%          3    None
d - Blink                 Tloc           N/A          9%          2    None
e - Stone Arrow           Conj/Erth      #####.       1%          3    None
f - Fireball              Conj/Fire      ######....   1%          5    ####...
g - Sticky Flame          Conj/Fire      ######..     1%          4    ##.....

Your spell library contained the following spells:

 Spells                   Type           Power        Failure   Level  Hunger
 Apportation              Tloc           ##....       5%          1    None
 Summon Small Mammal      Summ           ##..         6%          1    None
 Animate Skeleton         Necr           N/A          8%          1    None
 Beastly Appendage        Tmut           ##....       8%          1    None
 Confusing Touch          Hex            ##....       8%          1    None
 Infusion                 Chrm           ##..         8%          1    None
 Call Imp                 Summ           ##......     9%          2    None
 Shroud of Golubria       Chrm/Tloc      ##....       10%         2    None
 Slow                     Hex            ##......     12%         2    None
 Song of Slaying          Chrm           ##......     12%         2    None
 Sticks to Snakes         Tmut           ##......     12%         2    None
 Regeneration             Chrm/Necr      ##........   22%         3    None
 Spectral Weapon          Hex/Chrm       ##......     22%         3    None
 Spider Form              Tmut/Pois      ##........   22%         3    None
 Ice Form                 Ice/Tmut       ##......     58%         4    ##.....
 Blade Hands              Tmut           ##........   91%         5    ####...


Dungeon Overview and Level Annotations

Branches:
Dungeon (9/15)             Temple (1/1) D:5            Lair (6/6) D:8
  Swamp (0/4) Lair:3       Spider (0/4) Lair:3        Slime (0/5) Lair:5
    Orc (2/2) D:9          Bailey (visited)
    Elf: Orc:2

Altars:
Cheibriados
Dithmenos
Elyvilon
Gozag
Kikubaaqudgha
Makhleb
Okawaru
Qazlal
Sif Muna
Uskayaw
Vehumet
Wu Jian
Xom
Yredelemnul
Zin

Shops:
Orc:1 [

Annotations:
Lair:1 exclusion: oklob plant
Lair:5 1 runed translucent door
Lair:6 exclusion: oklob plant


Innate Abilities, Weirdness & Mutations

You are resistant to torment.
Your stone body is resilient. (AC +10)
You are immune to poison.
Your large and strong wings let you fly indefinitely.
You resist negative energy. (rN+)
You are resistant to electric shocks. (rElec)
You can survive without breathing.
You are immune to petrification.
You are immune to rotting.


Message History

The orc sorcerer shouts, "You are history!"
The orc sorcerer casts a spell at you. The bolt of negative energy hits you!!
You partially resist.
You feel drained.
* * * LOW HITPOINT WARNING * * *
Casting: Stone Arrow (safe; 1% risk of failure)
Confirm with . or Enter, or press ? or * to list all spells.
Aiming: Stone Arrow (safe; 1% risk of failure)
Press: ? - help, Shift-Dir - straight line, f/p - orc sorcerer
Aim: an orc sorcerer, wielding a +0 dagger and wearing a +0 robe (almost dead)
The stone arrow hits the orc sorcerer!!
You kill the orc sorcerer!
Vehumet accepts your kill.
You feel your power returning.
A cyclops comes into view.
Evoke which item? (* to show all) (? for menu, Esc to quit)
Okay, then.
As you read the scroll of fog, it crumbles to dust.
The scroll dissolves into smoke.
The cyclops throws a large rock.
The large rock hits you!!
You die...

.......... ......#..
...........$..####....<...
...........C..##.#........
............(...).<.......
............(##..[).......
...#....§§...#))).[....$..
.....§§§§§..(.[...........
#....§§§§§.$<.............
#§§§§§@..(............
###§§§§...)...........
##§§§#.....(.......#
##.###.#....###.### ###
######## ##


You could see a cyclops.

Vanquished Creatures
  Jorgrun (Orc:1)
  A stone giant (Orc:2)
  A dire elephant (Lair:6)
  An ettin (Orc:2)
  3 hydras
  A catoblepas (Lair:6)
  3 death yaks
  6 two-headed ogres
  Sonja (Lair:3)
  A lindwurm (Lair:6)
  Pikel (D:6)
  An orc sorcerer (Orc:2)
  A wolf spider (Lair:6)
  3 cyclopes (Orc:2)
  2 manticores (Lair:6)
  A guardian serpent (Lair:6)
  8 elephants
  8 black mambas
  A torpor snail (Lair:6)
  18 spiny frogs
  5 rime drakes
  5 komodo dragons
  A polar bear (Lair:3)
  3 trolls
  A tyrant leech (Lair:3)
  3 hornets (Lair:6)
  2 slime creatures (Lair:5)
  9 blink frogs
  6 dream sheep (Lair:6)
  7 hippogriffs
  Sigmund (D:5)
  3 redbacks (Lair:6)
  2 basilisks
  9 wyverns
  14 yaks
  A hungry ghost (Temple)
  A swamp worm (Lair:3)
  A soldier ant (D:7)
  2 hell hounds (Lair:2)
  7 porcupines
  Duvessa (D:4)
  26 water moccasins
  15 orc warriors
  2 sky beasts
  2 black bears (D:7)
  2 slaves (D:6)
  2 ice beasts
  A necrophage (D:6)
  A phantom (D:6)
  6 wolves (Lair:2)
  3 ogres
  5 centaurs
  10 crocodiles
  4 big kobolds
  Blork the orc (D:6)
  8 bullfrogs
  Dowan (D:4)
  3 scorpions (D:8)
  3 killer bees (D:9)
  14 wights
  2 howler monkeys
  7 crimson imps
  A quasit (D:6)
  A bullfrog zombie (D:9)
  3 jellies
  Crazy Yiuf (D:6)
  7 orc priests
  A centaur skeleton (D:7)
  5 hounds
  17 orc wizards
  A bullfrog skeleton (D:6)
  Jessica (D:3)
  6 iguanas
  3 hell rats
  5 worker ants
  A worker ant zombie (D:5)
  17 gnolls
  6 adders
  10 river rats (Lair:1)
  A shadow imp (D:7)
  An adder skeleton (D:5)
  5 worms
  2 dart slugs
  3 leopard geckos
  57 orcs
  4 giant cockroaches
  9 goblins
  18 hobgoblins
  5 jackals
  12 quokkas
  4 ball pythons
  10 bats
  4 frilled lizards
  2 jackal zombies (D:6)
  24 kobolds
  2 quokka skeletons
  9 rats
  A butterfly (Lair:1)
  3 fungi
  A plant (D:8)
528 creatures vanquished.

Vanquished Creatures (collateral kills)
  A worker ant (D:7)
1 creature vanquished.

Vanquished Creatures (others)
  2 slaves (D:6)
  An ooze (D:6)
  40 fungi
  24 plants
  9 toadstools (Lair:5)
76 creatures vanquished.

Grand Total: 605 creatures vanquished

Notes
Turn   | Place    | Note
-------+----------+-------------------------------------------
     0 | D:1      | ricardofg the Gargoyle Wizard began the quest for the Orb.
     0 | D:1      | Reached XP level 1. HP: 10/10 MP: 4/4
   517 | D:1      | Reached XP level 2. HP: 14/15 MP: 0/6
  1210 | D:2      | Reached XP level 3. HP: 17/19 MP: 7/7
  1373 | D:2      | Reached XP level 4. HP: 24/24 MP: 3/9
  1476 | D:2      | Learned a level 3 spell: Conjure Flame
  1480 | D:2      | Learned a level 3 spell: Mephitic Cloud
  1483 | D:2      | Learned a level 2 spell: Blink
  1896 | D:2      | Reached XP level 5. HP: 27/28 MP: 4/11
  2865 | D:3      | Noticed Jessica
  2874 | D:3      | Killed Jessica
  3032 | D:3      | Reached XP level 6. HP: 31/32 MP: 13/13
  3249 | D:4      | Reached skill level 1 in Translocations
  3272 | D:4      | Noticed Dowan
  3311 | D:4      | Noticed Duvessa
  3589 | D:4      | Reached skill level 5 in Spellcasting
  3726 | D:4      | Killed Duvessa
  3726 | D:4      | Reached skill level 5 in Conjurations
  3726 | D:4      | Reached skill level 1 in Fire Magic
  3726 | D:4      | Reached skill level 1 in Air Magic
  3726 | D:4      | Reached XP level 7. HP: 27/36 MP: 3/14
  3741 | D:4      | Killed Dowan
  4486 | D:5      | Entered Level 5 of the Dungeon
  4996 | D:5      | Noticed a hungry ghost
  5174 | D:5      | Noticed Sigmund
  5185 | D:5      | Killed Sigmund
  5185 | D:5      | Reached skill level 2 in Fire Magic
  5185 | D:5      | Reached XP level 8. HP: 27/41 MP: 10/16
  5436 | D:5      | Found a staircase to the Ecumenical Temple.
  5445 | Temple   | Entered the Ecumenical Temple
  5452 | Temple   | Became a worshipper of Vehumet
  5660 | D:5      | Reached skill level 1 in Fighting
  5660 | D:5      | Reached skill level 1 in Armour
  6020 | D:6      | Reached skill level 3 in Fire Magic
  6030 | D:6      | Reached skill level 1 in Evocations
  6089 | D:6      | Noticed Pikel
  6117 | D:6      | Killed Pikel
  6117 | D:6      | Reached skill level 4 in Fire Magic
  6117 | D:6      | Reached XP level 9. HP: 38/48 MP: 1/17
  6261 | D:6      | Noticed Blork the orc
  6271 | D:6      | Killed Blork the orc
  7118 | D:6      | Found a runed translucent door.
  7119 | D:6      | Noticed Crazy Yiuf
  7688 | D:6      | Killed Crazy Yiuf
  8043 | D:7      | Identified the cursed +0 chain mail "Listraxt" {rCorr}
  8050 | D:7      | Reached * piety under Vehumet
  8050 | D:7      | Offered knowledge of Sting by Vehumet.
  8055 | D:7      | Reached skill level 5 in Fire Magic
  9520 | D:7      | Reached XP level 10. HP: 56/56 MP: 14/19
  9832 | D:8      | Offered knowledge of Flame Tongue by Vehumet.
  9942 | D:7      | Reached skill level 5 in Air Magic
 10015 | D:8      | Reached ** piety under Vehumet
 10016 | D:8      | Noticed a two-headed ogre
 10111 | D:7      | Killed a two-headed ogre
 10111 | D:7      | Reached skill level 6 in Fire Magic
 10202 | D:8      | Found a staircase to the Lair.
 10535 | D:8      | Noticed a two-headed ogre
 10550 | D:8      | Killed a two-headed ogre
 10759 | D:7      | Offered knowledge of Stone Arrow by Vehumet.
 10759 | D:7      | Reached skill level 7 in Fire Magic
 11114 | D:8      | Noticed a two-headed ogre
 11130 | D:8      | Killed a two-headed ogre
 11130 | D:8      | Reached skill level 5 in Armour
 11130 | D:8      | Reached XP level 11. HP: 52/62 MP: 10/20
 11329 | D:8      | Reached skill level 5 in Fighting
 11352 | Lair:1   | Entered Level 1 of the Lair of Beasts
 11615 | Lair:1   | Noticed an oklob plant
 11635 | Lair:1   | Learned a level 3 spell: Stone Arrow
 11861 | Lair:1   | Reached *** piety under Vehumet
 13983 | Lair:2   | Offered knowledge of Fulminant Prism by Vehumet.
 14073 | Lair:2   | Reached skill level 1 in Shields
 14788 | Lair:3   | Reached skill level 1 in Maces & Flails
 15293 | Lair:2   | Reached skill level 8 in Fire Magic
 15293 | Lair:2   | Reached skill level 1 in Earth Magic
 15656 | Lair:3   | Found a staircase to the Swamp.
 15944 | Lair:3   | Noticed Sonja
 15973 | Lair:3   | Found a hole to the Spider Nest.
 15989 | Lair:3   | Reached XP level 12. HP: 70/70 MP: 18/22
 16012 | Lair:3   | Killed Sonja
 16012 | Lair:3   | Reached skill level 5 in Dodging
 16012 | Lair:3   | Reached skill level 5 in Evocations
 17512 | Lair:4   | Reached **** piety under Vehumet
 18469 | Lair:5   | Found a staircase to the Slime Pits.
 18933 | Lair:5   | Offered knowledge of Fireball by Vehumet.
 18952 | Lair:5   | Learned a level 5 spell: Fireball
 19583 | Lair:5   | Noticed a dire elephant
 19634 | Lair:5   | Found a runed translucent door.
 20126 | Lair:6   | Entered Level 6 of the Lair of Beasts
 20287 | Lair:6   | Noticed a seven-headed hydra
 21882 | Lair:5   | Killed a seven-headed hydra
 21898 | Lair:5   | Reached XP level 13. HP: 49/76 MP: 23/24
 22862 | Lair:6   | Reached skill level 9 in Fire Magic
 23591 | Lair:6   | Reached skill level 5 in Earth Magic
 24053 | Lair:6   | Noticed a dire elephant
 25247 | Lair:6   | Reached skill level 5 in Maces & Flails
 26680 | Lair:6   | Killed a dire elephant
 26680 | Lair:6   | Gained mutation: Your large and strong wings let you fly
                  | indefinitely. [Gargoyle growth]
 26680 | Lair:6   | Reached XP level 14. HP: 74/84 MP: 26/26
 27828 | Lair:6   | Got a distressingly furry robe
 27829 | Lair:6   | Identified the +3 robe of Fortification {-Tele rPois Regen+
                  | Slay+5} (You found it on level 6 of the Lair of Beasts)
 28086 | D:9      | Reached ***** piety under Vehumet
 28086 | D:9      | Offered knowledge of Conjure Ball Lightning by Vehumet.
 29085 | D:9      | Found a staircase to the Orcish Mines.
 29093 | D:9      | Found a hide-covered altar of Uskayaw.
 29316 | Orc:1    | Entered Level 1 of the Orcish Mines
 29316 | Orc:1    | Found Zenih's Antique Armour Boutique.
 29373 | Orc:1    | HP: 2/84 [orc warrior/+0 long sword (16)]
 29424 | Orc:1    | Found a flagged portal.
 29430 | Bailey   | Entered a bailey
 30208 | Orc:2    | Entered Level 2 of the Orcish Mines
 30724 | Orc:2    | Reached skill level 10 in Fire Magic
 30724 | Orc:2    | Noticed Jorgrun
 30945 | Orc:1    | Killed Jorgrun
 31485 | Orc:2    | Offered knowledge of Sticky Flame by Vehumet.
 31491 | Orc:2    | Learned a level 4 spell: Sticky Flame
 31618 | Orc:2    | Noticed a stone giant
 31686 | Orc:2    | Killed a stone giant
 31694 | Orc:2    | Hit by a large rock thrown by a cyclops

Levels and vault maps discovered:
D:1:      wander_arrival_estate, layout_basic
D:2:      layout_basic, first_ration, minmay_misc_feat_square
D:3:      layout_rooms, uniq_jessica
D:4:      layout_basic, uniq_duvessa
D:5:      layout_loops_corners, minmay_temple_entry_grid, uniq_sigmund
D:6:      layout_basic, uniq_crazy_yiuf_cottage, uniq_blork_the_orc, uniq_pikel
D:7:      minmay_chambers_of_fours, layout_basic
D:8:      layout_basic, due_lair_maze_entry_diamond
D:9:      minmay_s_stair_smasher, layout_cave_pools, kennysheep_mini_moat,
          orc_0_dummy, hex_tiny
Temple:   dpeg_three_leaves_temple
Lair:1:   layout_roguey, kennysheep_abandoned_house, lemuel_fruit_fields,
          minmay_lair_oklob_chamber, lemuel_fruit_fields
Lair:2:   layout_chaotic_city, enter_volcano_3
Lair:3:   layout_misc_corridors, minmay_swamp_entry_worms, dummy_spider_entry,
          serial_bayou_shore_a, grunt_megastairs_5, uniq_sonja
Lair:4:   layout_small_grid
Lair:5:   gammafunk_lair_enchanted_lake, layout_loops_ring,
          minmay_slime_entry_pillars, infiniplex_staircase_pool_2,
          serial_bayou_shore_b
Lair:6:   hangedman_lair_in_review, layout_cave_pods,
          hangedman_lair_tendril_chambers
Orc:1:    layout_caves, enter_bailey_3, serial_shops, shop, basic_altar
Orc:2:    grunt_orc_gardens, layout_caves, grunt_orc_garden, grunt_orc_garden,
          grunt_orc_garden, grunt_orc_garden, basic_altar, uniq_josephine,
          uniq_jorgrun

Skill      XL: |  1  2  3  4  5  6  7  8  9 10 11 12 13 14 |
---------------+-------------------------------------------+-----
Conjurations   | 2 3 4 5 6 7 |  7.0
Spellcasting   | 4 5 6 7 8 |  8.9
Translocations | 1 |  1.0
Fire Magic     | 1 2 4 5 7 8 9 10 | 10.3
Air Magic      | 1 3 4 6 7 8 9 |  9.1
Fighting       | 2 3 4 6 8 |  8.7
Armour         | 2 3 5 |  5.1
Dodging        | 2 3 4 5 6 7 |  7.1
Evocations     | 1 3 4 5 6 7 |  7.3
Shields        | 2 4 |  4.0
Maces & Flails | 2 3 5 6 |  6.1
Earth Magic    | 1 4 6 7 |  7.2
Stealth        | |  2.1
Summonings     | |  0.8

Action                   |  1- 3 |  4- 6 |  7- 9 | 10-12 | 13-15 || total
-------------------------+-------+-------+-------+-------+-------++-------
Melee: Unarmed           |    21 |       |       |       |       ||    21
       Spear             |    54 |   222 |   325 |    11 |       ||   612
       Demon trident     |       |       |       |   494 |   345 ||   839
Throw: Dart              |       |       |     2 |       |       ||     2
 Cast: Magic Dart        |    38 |    36 |   127 |   167 |    61 ||   429
       Mephitic Cloud    |       |     8 |    37 |    47 |    67 ||   159
       Conjure Flame     |       |       |    17 |    16 |    20 ||    53
       Blink             |       |       |     3 |    22 |    10 ||    35
       Stone Arrow       |       |       |       |   110 |   233 ||   343
       Fireball          |       |       |       |     2 |     5 ||     7
       Sticky Flame      |       |       |       |       |     1 ||     1
 Abil: Fly               |       |       |       |       |     1 ||     1
Evoke: Wand              |       |       |     4 |    10 |    19 ||    33
  Use: Scroll            |       |       |     9 |     9 |    11 ||    29
       Potion            |       |       |       |       |     4 ||     4
 Stab: Sleeping          |     3 |     2 |     1 |     2 |       ||     8
       Confused          |       |     5 |    10 |     8 |     3 ||    26
  Eat: Chunk             |     1 |     9 |    11 |    36 |    35 ||    92
       Ration            |       |       |     4 |     4 |       ||     8
Armor: Robe              |    23 |    62 |    99 |   120 |       ||   304
       Leather armour    |       |       |       |   127 |   218 ||   345
Dodge: Dodged            |    43 |   132 |   187 |   416 |   367 ||  1145
